 Dungeon Crawl Stone Soup version 0.22-a0-422-g9628fc8 (webtiles) character file.

3940 galech the Covered (level 10, -1/76 HPs)
             Began as a Gnoll Wanderer on May 17, 2018.
             Was a Believer of Okawaru.
             Slain by an ogre
             ... wielding a +0 giant club
              (23 damage)
             ... on level 8 of the Dungeon.
             The game lasted 00:15:29 (8744 turns).

galech the Covered (Gnoll Wanderer)                 Turns: 8744, Time: 00:15:29

Health: -1/76      AC: 15    Str: 17    XL:     10   Next: 21%
Magic:  16/17      EV: 18    Int: 15    God:    Okawaru [**....]
Gold:   501        SH:  0    Dex: 17    Spells: 17/19 levels left

rFire    . . .     SeeInvis .   D - +6 dagger of Epuyxoq {pierce, Dex+2}
rCold    + . .     Gourm    .   (no shield)
rNeg     . . .     Faith    .   G - +2 ring mail {rC+}
rPois    +         Spirit   .   y - +2 hat
rElec    .         Reflect  .   (no cloak)
rCorr    .         Harm     .   r - +1 pair of gloves
MR       .....                  o - +0 pair of boots
Stlth    ++++......             (no amulet)
HPRegen  0.22/turn              l - ring of poison resistance
MPRegen  0.15/turn              (no ring)

@: heroism
A: distributed training, fangs 1, strong nose
a: Heroism, Renounce Religion


You were on level 8 of the Dungeon.
You worshipped Okawaru.
Okawaru was pleased with you.
You were not hungry.

You visited 1 branch of the dungeon, and saw 8 of its levels.

You collected 501 gold pieces.

Inventory:

Hand Weapons
 i - a +1 dagger of flaming
 v - a +3 rapier
 w - a +0 quarterstaff
 D - the +6 dagger of Epuyxoq (weapon) {pierce, Dex+2}
   (You found it on level 5 of the Dungeon)

   It inflicts extra damage upon your enemies.
   It affects your dexterity (+2).
Armour
 o - a +0 pair of boots (worn)
 p - a +0 ring mail
 r - a +1 pair of gloves (worn)
 y - a +2 hat (worn)
 C - a +0 plate armour
 G - a +2 ring mail of cold resistance (worn)
Magical Staves
 g - an uncursed staff of air
Jewellery
 l - a ring of poison resistance (left hand)
Wands
 a - a wand of enslavement (15)
 m - a wand of flame (6)
 H - a wand of iceblast (10)
Scrolls
 h - 2 scrolls of enchant armour {unknown}
 j - 2 scrolls of random uselessness
 k - 7 scrolls of remove curse
 n - 2 scrolls of amnesia {unknown}
 q - 4 scrolls of fear {unknown}
 t - 2 scrolls of teleportation
 u - a scroll of magic mapping
 z - 4 scrolls of enchant weapon {unknown}
 I - a scroll of identify
Potions
 b - 4 potions of curing
 c - 2 potions of lignification
 d - a potion of might {unknown}
 e - 3 potions of brilliance {unknown}
 s - 3 potions of haste {unknown}
 x - a potion of heal wounds {unknown}
 A - a potion of degeneration {unknown}
 B - a potion of agility {unknown}
 E - a potion of berserk rage {unknown}
Comestibles
 f - 15 rations


   Skills:
 + Level 5.6(10.6) Fighting
 + Level 5.0(10.0) Short Blades
 + Level 5.0(10.0) Long Blades
 + Level 5.0(10.0) Axes
 + Level 5.6(10.6) Maces & Flails
 + Level 5.0(10.0) Polearms
 + Level 6.8(11.8) Staves
 + Level 5.0(10.0) Slings
 + Level 5.0(10.0) Bows
 + Level 5.0(10.0) Crossbows
 + Level 5.0(10.0) Throwing
 + Level 6.8(11.8) Armour
 + Level 5.6(10.6) Dodging
 + Level 5.5(10.5) Stealth
 + Level 5.6(10.6) Shields
 + Level 5.0(10.0) Unarmed Combat
 + Level 5.0 Spellcasting
 + Level 4.1 Conjurations
 + Level 4.1 Hexes
 + Level 4.1 Charms
 + Level 4.1 Summonings
 + Level 4.1 Necromancy
 + Level 4.1 Translocations
 + Level 4.1 Transmutations
 + Level 4.1 Fire Magic
 + Level 4.1 Ice Magic
 + Level 4.1 Air Magic
 + Level 4.1 Earth Magic
 + Level 4.1 Poison Magic
 + Level 5.4 Invocations
 + Level 5.6 Evocations


You had 17 spell levels left.
You knew the following spells:

 Your Spells              Type           Power        Failure   Level  Hunger
a - Blink                 Tloc           N/A          7%          2    ##.....

Your spell library contained the following spells:

 Spells                   Type           Power        Failure   Level  Hunger
 Magic Dart               Conj           ###.         4%          1    None
 Conjure Flame            Conj/Fire      ###.....     14%         3    ###....
 Slow                     Hex            ###.....     7%          2    ##.....
 Mephitic Cloud           Conj/Pois/Air  ###.....     14%         3    ###....
 Summon Small Mammal      Summ           ###.         4%          1    None
 Summon Ice Beast         Ice/Summ       ###.....     43%         4    ####...
 Call Imp                 Summ           ###.....     7%          2    ##.....
 Statue Form              Tmut/Erth      ###......    100%        6    #######
 Call Canine Familiar     Summ           ###.....     14%         3    ###....
 Shatter                  Erth           ###.......   100%        9    #######
 Sandblast                Erth           ###...       4%          1    None
 Petrify                  Tmut/Erth      ###.....     43%         4    ####...
 Summon Lightning Spire   Summ/Air       ###.....     43%         4    ####...
 Summon Guardian Golem    Hex/Summ       ###.....     14%         3    ###....


Dungeon Overview and Level Annotations

Branches:
Dungeon (8/15)             Temple (0/1) D:7
   Lair: D:8-11

Altars:
Cheibriados
Gozag
Kikubaaqudgha
Makhleb
Okawaru

Shops:
D:5 :


Innate Abilities, Weirdness & Mutations

Your experience applies equally to all skills.
You have very sharp teeth.
Your uncanny sense of smell can sniff out nearby items.


Message History

Your base Throwing skill increases to level 5!
Your base Unarmed Combat skill increases to level 5!
Your Spellcasting skill increases to level 5!
Your Conjurations skill increases to level 4!
Your Hexes skill increases to level 4!
Your Charms skill increases to level 4!
Your Summonings skill increases to level 4!
Your Necromancy skill increases to level 4!
Your Translocations skill increases to level 4!
Your Transmutations skill increases to level 4!
Your Fire Magic skill increases to level 4!
Your Ice Magic skill increases to level 4!
Your Air Magic skill increases to level 4!
Your Earth Magic skill increases to level 4!
Your Poison Magic skill increases to level 4!
You puncture the ogre! Your punch misses the ogre.
The ogre is moderately wounded.
You hit the ogre. You bite the ogre.
The ogre is heavily wounded.
The ogre hits you with a giant club!!
You die...

*≈,,,,* #,*#.* **** #....
,,,,,,***.##.#* #..* #.###
≈≈,≈,,*,,,....**## #..# #.#
,,,,,,**,,*#..##.## #..####.###
,,,,,,,****#..#.#.## #..........
***,,,** #.)...#.# #..###..###
*,,** ##O#...#* #..##.#.#* *,,*
#O##O## #..#.###.# ***,,* #.*#@#
#...## *##* ,,,,,* **#.*#.#
#..+#******
****,******,..,#.######..#,,,*,,,
*,,,,,,∆,..,#........##,>,*,>,
********,##,##########*,,,*,,,
*,**,,,,,,,,* ********
*,*********,* *,,,*,,,
*********,******* *,****,∩,*,>,
*,,,,,,,,,,,,,,,***,**,*,,,*,,,


You could see an ogre.

Vanquished Creatures
  A two-headed ogre (D:8)
  Grinder (D:6)
  4 hogs (D:7)
  A human (D:7)
  Duvessa (D:6)
  2 sky beasts (D:6)
  An ice beast (D:6)
  2 phantoms (D:7)
  3 ogres
  A gnoll sergeant (D:4)
  A bullfrog (D:7)
  Dowan (D:6)
  2 scorpions
  A howler monkey (D:4)
  2 crimson imps (D:5)
  2 hounds
  A jelly (D:5)
  4 orc wizards
  A bullfrog skeleton (D:4)
  2 centaur skeletons
  9 worker ants
  Natasha (thrice) (D:2)
  2 iguanas
  A killer bee zombie (D:8)
  A hound zombie (D:5)
  A worker ant zombie (D:5)
  6 gnolls
  A howler monkey skeleton (D:6)
  11 adders
  A shadow imp (D:7)
  An ooze (D:4)
  An adder zombie (D:6)
  5 worms
  2 dart slugs
  9 leopard geckos
  14 orcs
  8 giant cockroaches
  11 goblins
  5 hobgoblins
  3 quokkas
  A ball python (D:6)
  5 bats
  8 frilled lizards
  5 kobolds
  A leopard gecko skeleton (D:6)
  A quokka zombie (D:6)
  7 rats
157 creatures vanquished.

Notes
Turn   | Place    | Note
-------+----------+-------------------------------------------
     0 | D:1      | galech the Gnoll Wanderer began the quest for the Orb.
     0 | D:1      | galech set off with: a wand of enslavement (15), a potion of curing, a potion of lignification, a +0 robe, a +0 club, a ration
     0 | D:1      | Reached XP level 1. HP: 17/17 MP: 2/2
   194 | D:1      | Reached XP level 2. HP: 21/23 MP: 3/3
   738 | D:2      | Found an opulent altar of Gozag.
   753 | D:2      | Reached XP level 3. HP: 14/28 MP: 4/4
  1149 | D:1      | Reached skill level 1 in Invocations
  1485 | D:2      | Reached skill level 1 in Short Blades
  1485 | D:2      | Reached skill level 1 in Long Blades
  1485 | D:2      | Reached skill level 1 in Axes
  1485 | D:2      | Reached skill level 1 in Polearms
  1485 | D:2      | Reached skill level 1 in Slings
  1485 | D:2      | Reached skill level 1 in Bows
  1485 | D:2      | Reached skill level 1 in Crossbows
  1485 | D:2      | Reached skill level 1 in Throwing
  1485 | D:2      | Reached skill level 1 in Unarmed Combat
  1485 | D:2      | Reached skill level 1 in Spellcasting
  1488 | D:2      | Reached XP level 4. HP: 26/34 MP: 4/6
  1530 | D:2      | Noticed Natasha
  1794 | D:2      | Killed Natasha
  1794 | D:2      | Reached skill level 1 in Conjurations
  1794 | D:2      | Reached skill level 1 in Hexes
  1794 | D:2      | Reached skill level 1 in Charms
  1794 | D:2      | Reached skill level 1 in Summonings
  1794 | D:2      | Reached skill level 1 in Necromancy
  1794 | D:2      | Reached skill level 1 in Translocations
  1794 | D:2      | Reached skill level 1 in Transmutations
  1794 | D:2      | Reached skill level 1 in Fire Magic
  1794 | D:2      | Reached skill level 1 in Ice Magic
  1794 | D:2      | Reached skill level 1 in Air Magic
  1794 | D:2      | Reached skill level 1 in Earth Magic
  1794 | D:2      | Reached skill level 1 in Poison Magic
  2117 | D:2      | Reached XP level 5. HP: 35/40 MP: 7/7
  2229 | D:2      | Noticed Natasha
  2245 | D:2      | Killed Natasha
  2324 | D:2      | Noticed Natasha
  2353 | D:2      | Killed Natasha
  3003 | D:3      | Reached XP level 6. HP: 41/47 MP: 8/8
  3689 | D:4      | Reached skill level 5 in Staves
  3689 | D:4      | Reached skill level 5 in Armour
  3942 | D:4      | Reached XP level 7. HP: 43/52 MP: 10/10
  5059 | D:5      | Entered Level 5 of the Dungeon
  5317 | D:5      | Found a burning altar of Makhleb.
  5318 | D:5      | Noticed an Executioner
  5339 | D:5      | Reached XP level 8. HP: 54/60 MP: 10/12
  5625 | D:5      | Got a brightly glowing dagger
  5626 | D:5      | Identified the +6 dagger of Epuyxoq {pierce, Dex+2} (You found it on level 5 of the Dungeon)
  5821 | D:5      | Found Nealyh's Book Emporium.
  6220 | D:6      | Noticed Grinder
  6235 | D:6      | Paralysed by Grinder for 2 turns
  6243 | D:6      | Killed Grinder
  6370 | D:6      | Noticed Dowan
  6373 | D:6      | Noticed Duvessa
  6379 | D:6      | Killed Dowan
  7011 | D:6      | Killed Duvessa
  7011 | D:6      | Reached XP level 9. HP: 61/66 MP: 14/14
  7885 | D:7      | Identified the Incunabulum of the Mountains
  7897 | D:7      | Learned a level 2 spell: Blink
  7984 | D:7      | Reached skill level 5 in Fighting
  7984 | D:7      | Reached skill level 5 in Maces & Flails
  7984 | D:7      | Reached skill level 5 in Dodging
  7984 | D:7      | Reached skill level 5 in Shields
  7984 | D:7      | Reached skill level 5 in Evocations
  8056 | D:7      | Found an ancient bone altar of Kikubaaqudgha.
  8059 | D:7      | Found an iron altar of Okawaru.
  8063 | D:7      | Became a worshipper of Warmaster Okawaru
  8067 | D:7      | Found a snail-covered altar of Cheibriados.
  8267 | D:7      | Reached skill level 5 in Stealth
  8278 | D:7      | Reached * piety under Okawaru
  8289 | D:7      | Reached skill level 5 in Invocations
  8651 | D:7      | Found a staircase to the Ecumenical Temple.
  8721 | D:8      | Noticed a two-headed ogre
  8726 | D:8      | Reached XP level 10. HP: 64/74 MP: 17/17
  8742 | D:8      | Killed a two-headed ogre
  8742 | D:8      | Reached ** piety under Okawaru
  8742 | D:8      | Reached skill level 5 in Short Blades
  8742 | D:8      | Reached skill level 5 in Long Blades
  8742 | D:8      | Reached skill level 5 in Axes
  8742 | D:8      | Reached skill level 5 in Polearms
  8742 | D:8      | Reached skill level 5 in Slings
  8742 | D:8      | Reached skill level 5 in Bows
  8742 | D:8      | Reached skill level 5 in Crossbows
  8742 | D:8      | Reached skill level 5 in Throwing
  8742 | D:8      | Reached skill level 5 in Unarmed Combat
  8742 | D:8      | Reached skill level 5 in Spellcasting
  8744 | D:8      | Slain by an ogre

Vault maps used:
D:1:      lightli_arrival_isolated_outpost, corexii_hall_statues_s
D:2:      nicolae_overflow_hidden_temple, grunt_gozag_breadcrumbs, first_ration,
          minmay_crystal_water, uniq_natasha
D:4:      minmay_curled_crystal
D:5:      makhleb_altar_promises_db, serial_shops, shop
D:6:      uniq_grinder, uniq_duvessa
D:7:      grunt_temple_overflow_diamond, minmay_temple_entry_fiery,
          grunt_livestock
D:8:      kennysheep_steamy, nicolae_ossuary_entry_false_entrances,
          columned_hall_lemuel, uniq_prince_ribbit1, uniq_joseph

Skill      XL: |  1  2  3  4  5  6  7  8  9 10 |
---------------+-------------------------------+-----
Invocations    | 1 2 3 4 5 |  5.4
Short Blades   | 1 2 3 4 5 |  5.0
Long Blades    | 1 2 3 4 5 |  5.0
Axes           | 1 2 3 4 5 |  5.0
Polearms       | 1 2 3 4 5 |  5.0
Slings         | 1 2 3 4 5 |  5.0
Bows           | 1 2 3 4 5 |  5.0
Crossbows      | 1 2 3 4 5 |  5.0
Throwing       | 1 2 3 4 5 |  5.0
Unarmed Combat | 1 2 3 4 5 |  5.0
Spellcasting   | 1 2 3 4 5 |  5.0
Conjurations   | 1 2 3 4 |  4.1
Hexes          | 1 2 3 4 |  4.1
Charms         | 1 2 3 4 |  4.1
Summonings     | 1 2 3 4 |  4.1
Necromancy     | 1 2 3 4 |  4.1
Translocations | 1 2 3 4 |  4.1
Transmutations | 1 2 3 4 |  4.1
Fire Magic     | 1 2 3 4 |  4.1
Ice Magic      | 1 2 3 4 |  4.1
Air Magic      | 1 2 3 4 |  4.1
Earth Magic    | 1 2 3 4 |  4.1
Poison Magic   | 1 2 3 4 |  4.1
Fighting       | 3 4 5 |  5.6
Maces & Flails | 3 4 5 |  5.6
Dodging        | 3 4 5 |  5.6
Shields        | 3 4 5 |  5.6
Evocations     | 3 4 5 |  5.6
Stealth        | 3 4 5 |  5.5
Staves         | 5 6 |  6.8
Armour         | 5 6 |  6.8

Action                   |  1- 3 |  4- 6 |  7- 9 | 10-12 || total
-------------------------+-------+-------+-------+-------++-------
Melee: Dagger            |   116 |   125 |   302 |    12 ||   555
       Club              |     7 |       |       |       ||     7
       Bite              |    12 |    28 |    42 |     4 ||    86
       Quarterstaff      |       |   113 |   116 |       ||   229
       Punch             |       |     1 |     4 |     1 ||     6
       Staff             |       |       |    25 |       ||    25
Invok: Heroism           |       |       |       |     1 ||     1
  Use: Scroll            |       |       |     8 |       ||     8
 Stab: Sleeping          |     3 |       |     2 |       ||     5
       Distracted        |       |     1 |       |       ||     1
  Eat: Chunk             |     2 |     8 |    16 |       ||    26
Armor: Robe              |    24 |       |       |       ||    24
       Ring mail         |    32 |   124 |    99 |       ||   255
       Plate armour      |       |       |   118 |       ||   118
Dodge: Dodged            |   106 |   173 |   215 |     6 ||   500

Table legend:
 A = Spawn XP
 B = Non-spawn XP
 C = Spawn XP percentage of total XP
 D = Spawn monster count
 E = Non-spawn monster count
 F = Spawn count percentage of total count
 G = Total turns spent on level
                    A         B        C        D         E        F      G
               +---------+---------+-------+---------+---------+-------+---------
         Total |       0 |    5629 |   0.0 |       0 |     157 |   0.0 |  8744
               +---------+---------+-------+---------+---------+-------+---------
           D:1 |       0 |      28 |   0.0 |       0 |      18 |   0.0 |  1499
           D:2 |       0 |     230 |   0.0 |       0 |      30 |   0.0 |  1120
           D:3 |       0 |      80 |   0.0 |       0 |      20 |   0.0 |   798
           D:4 |       0 |     554 |   0.0 |       0 |      24 |   0.0 |  1642
           D:5 |       0 |     732 |   0.0 |       0 |      13 |   0.0 |   972
           D:6 |       0 |    1210 |   0.0 |       0 |      26 |   0.0 |  1780
           D:7 |       0 |    1728 |   0.0 |       0 |      23 |   0.0 |   875
           D:8 |       0 |    1067 |   0.0 |       0 |       3 |   0.0 |    58
               +---------+---------+-------+---------+---------+-------+---------
